 Dungeon Crawl Stone Soup version 0.23-a0-130-g0e7800e (webtiles) character file.

818 Amnesiac the Magician (level 7, -2/46 HPs)
             Began as a Mummy Air Elementalist on Aug 27, 2018.
             Slain by an orc
             ... wielding a +2 war axe of electrocution
              (17 damage)
             ... on level 5 of the Dungeon.
             The game lasted 00:08:37 (3087 turns).

Amnesiac the Magician (Mummy Air Elementalist)      Turns: 3087, Time: 00:08:37

Health: -2/46      AC:  3    Str: 12    XL:     7   Next: 62%
Magic:  2/17       EV: 12    Int: 16    God:
Gold:   154        SH:  0    Dex: 12    Spells: 8/20 levels left

rFire    x . .     SeeInvis .   a - +2 short sword (distort)
rCold    + + .     Gourm    .   (no shield)
rNeg     + + +     Faith    .   g - +0 robe
rPois    ∞         Spirit   .   (no helmet)
rElec    .         Reflect  .   (no cloak)
rCorr    .         Harm     .   (no gloves)
MR       .....                  (no boots)
Stlth    ++........             (no amulet)
HPRegen  0.15/turn              b - ring of protection from cold
MPRegen  0.15/turn              e - +1 ring of protection

@: no status effects
A: no food or potions, fire vulnerability, cold resistance 1, negative energy
resistance 3, torment resistance, unbreathing
a: no special abilities


You were on level 5 of the Dungeon.
You were not hungry.

You visited 1 branch of the dungeon, and saw 6 of its levels.

You collected 154 gold pieces.

Inventory:

Hand Weapons
 a - a +2 short sword of distortion (weapon)
 j - a +0 long sword
Armour
 g - a +0 robe (worn)
Jewellery
 b - a ring of protection from cold (left hand)
 e - a +1 ring of protection (right hand)
Scrolls
 c - 3 scrolls of remove curse {!r}
 d - 2 scrolls of enchant armour {!r, unknown}
 f - a scroll of magic mapping {!r, unknown}
 h - a scroll of fog {!r, unknown}
 i - a scroll of teleportation {!r, unknown}


   Skills:
 - Level 1.5 Dodging
 - Level 1.5 Stealth
 - Level 7.0 Spellcasting
 - Level 0.7 Conjurations
 + Level 6.1 Air Magic


You had 8 spell levels left.
You knew the following spells:

 Your Spells              Type           Power        Failure   Level  Hunger
a - Shock                 Conj/Air       ###.         3%          1    N/A
b - Lightning Bolt        Conj/Air       ###.......   63%         5    N/A
d - Airstrike             Air            ####......   10%         4    N/A
z - Swiftness             Chrm/Air       ###.....     5%          2    N/A

Your spell library contained the following spells:

 Spells                   Type           Power        Failure   Level  Hunger
 Static Discharge         Conj/Air       ###.....     9%          3    N/A

Dungeon Overview and Level Annotations

Branches:
Dungeon (6/15)
 Temple: D:4-7

Altars:

Annotations:
D:2 Sigmund


Innate Abilities, Weirdness & Mutations

You do not eat or drink.
Your flesh is vulnerable to fire.
You are immune to poison.
Your flesh is cold resistant. (rC+)
You are immune to negative energy. (rN+++)
You are immune to unholy pain and torment.
You can survive without breathing.


Message History

The air twists around and violently strikes the phantom!
You destroy the phantom!
Your Air Magic skill increases to level 6!
Casting: Airstrike (safe; 10% risk of failure)
Confirm with . or Enter, or press ? or * to list all spells.
Aiming: Shock (safe; 3% risk of failure)
Press: ? - help, Shift-Dir - straight line, f - leopard gecko
Aim: a leopard gecko (clinging)
The zap hits the leopard gecko.
The leopard gecko is heavily wounded.
The leopard gecko closely misses you.
Casting: Shock (safe; 3% risk of failure)
Confirm with . or Enter, or press ? or * to list all spells.
Aiming: Shock (safe; 3% risk of failure)
Press: ? - help, Shift-Dir - straight line, f/p - leopard gecko
Aim: a leopard gecko (moderately wounded, clinging)
The zap misses the leopard gecko. x2; The leopard gecko bites you.
Casting: Shock (safe; 3% risk of failure)
Confirm with . or Enter, or press ? or * to list all spells.
You don't have enough magic to cast that spell.
Casting: Shock (safe; 3% risk of failure)
Confirm with . or Enter, or press ? or * to list all spells.
You don't have enough magic to cast that spell.
You hit the leopard gecko.
The leopard gecko is heavily wounded.
The leopard gecko blinks!
You hit the worker ant but do no damage.
Space bends around the worker ant.
The worker ant is lightly wounded.
The worker ant barely misses you. The worker ant closely misses you.
You closely miss the worker ant.
The worker ant is lightly wounded.
The worker ant barely misses you.
You hit the worker ant but do no damage.
The worker ant is lightly wounded.
The worker ant blinks!
The adder closely misses you.
You hit the adder.
The adder looks slightly unstable.
The adder is heavily wounded.
The adder closely misses you.
You barely miss the adder.
The adder is heavily wounded.
The adder disappears!
You completely miss the leopard gecko.
The leopard gecko is heavily wounded.
The leopard gecko bites you. The leopard gecko misses you.
You hit the leopard gecko.
Space bends around the leopard gecko.
You kill the leopard gecko!
You barely miss the orc. The orc hits you. x2
You hit the orc.
Space bends around the orc.
You kill the orc!
You hit the worker ant but do no damage.
The worker ant is lightly wounded.
The worker ant blinks!
You closely miss the orc. The orc hits you.
You puncture the orc!
You kill the orc!
The worker ant bites you!
You hit the worker ant.
Space bends around the worker ant.
The worker ant is heavily wounded.
The worker ant bites you.
The orc hits you with a war axe of electrocution!
* * * LOW HITPOINT WARNING * * *
You are electrocuted!
You die...

.....8...........
.###...###.......
##.'#.#'.##..#..Z
#...#.#...##.#.#####
...##.##...#.#......
..##...##..#.#.....####
###.....####.#........#
.............#####.##
...............a@o..#
##################..# #
#.......# #.## #
#.......# #.a..#
###.......## ..S......
........(..# ......S...
.#####...#.#
.......o...
..########.#
............
...........#
......(......


You could see a worker ant and an orc.

Vanquished Creatures
  A phantom (D:5)
  A sky beast (D:5)
  2 centaurs (D:5)
  A scorpion (D:5)
  A jelly (D:5)
  An orc priest (D:5)
  A bullfrog skeleton (D:4)
  2 centaur skeletons
  2 worker ants
  Terence (D:2)
  An iguana (D:4)
  A hound skeleton (D:4)
  7 adders
  3 gnolls
  A howler monkey skeleton (D:5)
  An adder skeleton (D:4)
  A worm (D:4)
  2 dart slugs
  4 leopard geckos
  4 orcs
  3 giant cockroaches
  3 hobgoblins
  2 jackals (D:5)
  A quokka (D:5)
  A bat (D:3)
  A frilled lizard (D:4)
  2 rats (D:3)
51 creatures vanquished.

Vanquished Creatures (others)
  A worker ant (D:5)
  A shadow imp (D:5)
2 creatures vanquished.

Grand Total: 53 creatures vanquished

Notes
Turn   | Place    | Note
-------+----------+-------------------------------------------
     0 | D:1      | Amnesiac the Mummy Air Elementalist began the quest for the
                  | Orb.
     0 | D:1      | Reached XP level 1. HP: 13/13 MP: 4/4
   287 | D:1      | Reached XP level 2. HP: 19/19 MP: 1/5
   291 | D:1      | Learned a level 2 spell: Swiftness
   371 | D:2      | Noticed Terence
   379 | D:2      | Reached skill level 3 in Spellcasting
   400 | D:2      | Killed Terence
   400 | D:2      | Reached skill level 4 in Spellcasting
   400 | D:2      | Reached XP level 3. HP: 15/24 MP: 0/8
   493 | D:2      | Noticed Sigmund
   795 | D:4      | Reached XP level 4. HP: 24/30 MP: 3/10
   804 | D:4      | Learned a level 4 spell: Airstrike
   887 | D:4      | Reached skill level 5 in Spellcasting
  1020 | D:5      | Entered Level 5 of the Dungeon
  1028 | D:5      | Reached skill level 6 in Spellcasting
  1028 | D:5      | Reached XP level 5. HP: 33/35 MP: 0/13
  1093 | D:5      | Noticed a centaur
  1568 | D:4      | Reached skill level 7 in Spellcasting
  1804 | D:4      | Reached XP level 6. HP: 23/41 MP: 8/16
  1986 | D:5      | Learned a level 5 spell: Lightning Bolt
  2493 | D:5      | Reached XP level 7. HP: 24/46 MP: 6/17
  2497 | D:5      | Reached skill level 5 in Air Magic
  3087 | D:5      | Slain by an orc

Vault maps used:
D:1:      minmay_arrival_doors, serial_bayou, serial_bayou_pond_d,
          serial_bayou_crossing, serial_bayou_shore_a, serial_bayou_pond_e
D:2:      serial_curves, eino_curves_03, eino_curves_01, minmay_pentomino_o4,
          uniq_sigmund, uniq_terence
D:3:      first_ration, mrwooster_statue_mirror, uniq_robin
D:5:      cheibrodos_barr_body, uniq_crazy_yiuf_cottage
D:6:      gammafunk_ghost_cemetery

Skill      XL: |  1  2  3  4  5  6  7 |
---------------+----------------------+-----
Air Magic      | 3 4 6 |  6.1
Spellcasting   | 4 6 7 |  7.0
Dodging        | |  1.5
Stealth        | |  1.5
Conjurations   | |  0.7

Action                   |  1- 3 |  4- 6 |  7- 9 || total
-------------------------+-------+-------+-------++-------
Melee: Short sword       |       |    11 |    18 ||    29
 Cast: Shock             |    33 |    86 |    21 ||   140
       Airstrike         |       |     3 |     8 ||    11
  Use: Scroll            |       |     1 |       ||     1
Armor: Robe              |     1 |     9 |     2 ||    12
Dodge: Dodged            |     9 |    29 |    24 ||    62

Table legend:
 A = Non-vault XP
 B = Vault XP
 C = Vault XP percentage of total XP
 D = Non-vault monster count
 E = Vault monster count
 F = Vault count percentage of total count
                 A         B        C        D         E       F
            +---------+---------+-------+---------+---------+-------
      Total |     724 |     445 |  38.1 |      43 |      10 |  18.9
            +---------+---------+-------+---------+---------+-------
        D:1 |      20 |       0 |   0.0 |       3 |       0 |   0.0
        D:2 |       3 |      36 |  92.3 |       1 |       1 |  50.0
        D:3 |      15 |       0 |   0.0 |       8 |       0 |   0.0
        D:4 |     239 |       0 |   0.0 |      15 |       0 |   0.0
        D:5 |     434 |     409 |  48.5 |      15 |       9 |  37.5
        D:6 |      13 |       0 |   0.0 |       1 |       0 |   0.0
            +---------+---------+-------+---------+---------+-------
